 Dungeon Sprint DCSS version 0.30-a0-953-g5f1da4a474 (webtiles) character file.

Game seed: 11679918794933761068

10 BigDaddyOpFi the Covered (level 2, -5/27 HPs)
             Began as an Armataur Fighter on Mar 28, 2023.
             Slain by an ogre
             ... wielding a +0 giant club
              (14 damage)
             ... in the Dungeon (Sprint IX: "|||||||||||||||||||||||||||||").
             The game lasted 00:00:06 (36 turns).

BigDaddyOpFi the Covered (Armataur Fighter)           Turns: 36, Time: 00:00:06

Health: -5/27      AC:  7    Str: 21    XL:     2   Next: 10%
Magic:  2/2        EV:  7    Int:  8    God:
Gold:   0          SH:  4    Dex:  9    Spells: 1/1 levels left

rFire   . . .      SeeInvis .    a - +0 war axe
rCold   . . .      Faith    .    c - +0 buckler
rNeg    . . .      Spirit   .    b - +0 scale mail
rPois   .          Reflect  .    (no helmet)
rElec   .          Roll     +    (no cloak)
rCorr   .          NoTele   +    (no gloves)
Will    .....                    (no barding) Stlth
                                 (no amulet)
HPRegen 0.24/turn                (no ring)
MPRegen 0.08/turn                (no ring)

@: no status effects
A: large, rugged brown scales 3, deformed body, armoured tail, roll, long
tongue, awkward tongue
a: no special abilities


You were in the Dungeon.
You visited 1 branch

Inventory:

Hand Weapons
 a - a +0 war axe (weapon)
Armour
 b - a +0 scale mail (worn)
 c - a +0 buckler (worn)
Scrolls
 j - a scroll of blinking
Potions
 d - a potion of might
 e - a potion of curing
 f - a potion of heal wounds
 g - a potion of haste
 h - 2 potions of magic
 i - a potion of berserk rage


   Skills:
 + Level 3.3 Fighting
 + Level 2.3 Axes
 + Level 4.4 Armour
 + Level 4.0 Shields


You had one spell level left.
You didn't know any spells.
Your spell library was empty.

Dungeon Overview and Level Annotations

Branches:
Dungeon (1/1)

Altars:


Innate Abilities, Weirdness & Mutations

You are completely covered in rugged brown scales. (AC +3, +7% HP)
Armour fits poorly on your strangely shaped body.
You have a long armoured tail.
You roll when moving toward enemies. (Rampage)
Your long tongue fully drains potion bottles. (2x potion effects)
Your tongue gives you trouble enunciating. (1.5x scroll delay)


Message History

The hobgoblin hits you.
The hobgoblin hits you but does no damage.
You closely miss the hobgoblin. You block the hobgoblin's attack.
You closely miss the hobgoblin.
The hobgoblin hits you but does no damage.
You block the hobgoblin's attack.
You barely miss the hobgoblin. The hobgoblin closely misses you.
You barely miss the hobgoblin. The hobgoblin hits you.
The hobgoblin hits you but does no damage.
You slash the hobgoblin!
You kill the hobgoblin!
Your Axes skill increases to level 2!
You barely miss the goblin. The goblin closely misses you.
The goblin hits you but does no damage.
You slash the goblin!
You kill the goblin!
There is an open door to the Dungeon, spattered with blood here.
Items here: )) ††††.
You start resting.
HP restored.
You open the door.
An orc, a worm, an ogre, an adder and a sleepcap come into view.
The orc shouts!
The ogre shouts!
The adder hisses angrily.
You slash the orc!
You kill the orc!
You roll towards the worm!
You slash the worm! You tail-slap the worm.
The worm is severely wounded.
You block the worm's attack.
You barely miss the worm.
The worm is severely wounded.
The worm bites you.
You barely miss the worm. You tail-slap the worm!
You kill the worm!
Your Shields skill increases to level 4!
You have reached level 2!
You barely miss the ogre. The ogre hits you with a +0 giant club!
Ouch! That really hurt!
You closely miss the ogre. The ogre hits you with a +0 giant club!
Ouch! That really hurt!
You die... ▓▓▓▓▓▓▓▓▓▓▓▓▓▓▓▓▓▓ ▓<...).....@OSf..+ ▓▓▓▓▓▓▓▓▓▓▓▓▓▓▓▓▓▓

You could see an ogre, a sleepcap and an adder.

Vanquished Creatures
  A worm (D)
  An orc (D)
  A ball python (D)
  A hobgoblin (D)
  A frilled lizard (D)
  A goblin (D)
  A kobold (D)
7 creatures vanquished.

Notes
Turn   | Place    | Note
-------+----------+-------------------------------------------
     0 | D        | BigDaddyOpFi the Armataur Fighter began the quest for the
                  | Orb.
     0 | D        | Reached XP level 1. HP: 19/19 MP: 1/1
    30 | D        | Noticed an ogre
    30 | D        | Noticed a sleepcap
    35 | D        | Reached XP level 2. HP: 24/27 MP: 2/2
    36 | D        | Slain by an ogre

Illustrated notes

Levels and vault maps discovered:
D:        linesprint [early_d, line_temple, items_1, d_10, items_2, lair_1,
          lair_end, items_3, orc_1, orc_end, items_4, d_15, swamp_1, shoals_1,
          snake_1, spider_1, d_20, vaults_1, items_5, swamp_end, shoals_end,
          snake_end, spider_end, vaults_end, d_27, items_6, zot_1, zot_end,
          crypt_end, forest_end, elf_end, slime_end, tomb_end, abyss_end,
          pan_hell_end]

Skill      XL: |  1 |
---------------+----+-----
Fighting       | 3 |  3.3
Armour         | 4 |  4.4
Axes           | 2 |  2.3
Shields        | 4 |  4.0

Action                     || total
---------------------------++-------
  Melee: War axe           ||    20
         Tailslap          ||     2
 Armour: Scale mail        ||     8
  Dodge: Dodged            ||     4
  Block: Buckler           ||     3

Table legend: (Time is in decaauts)
 A = Elapsed time spent in this place.
 B = Non-inter-level travel time spent in this place.
 C = Inter-level travel time spent in this place.
 D = Time resting spent in this place.
 E = Time spent auto-exploring this place.
 F = Levels seen in this place.
 G = Mean time per level.
                   A        B        C        D        E       F      G
               +--------+--------+--------+--------+--------+-----+--------+
         Total |     44 |     44 |      0 |      6 |      0 |   1 |   44.0 |
       Dungeon |     44 |     44 |      0 |      6 |      0 |   1 |   44.0 |
               +--------+--------+--------+--------+--------+-----+--------+

Top non-repeatable levels by time:
       D: 44 daAuts
